 Dungeon Crawl Stone Soup version 0.28.0 (webtiles) character file.

Game seed: 5407232759047127075

27 crazypyro the Skirmisher (level 3, -7/40 HPs)
             Began as an Ogre Monk on Feb 14, 2022.
             Mangled by a worm (8 damage)
             ... on level 2 of the Dungeon.
             The game lasted 00:00:53 (1213 turns).

crazypyro the Skirmisher (Ogre Monk)                Turns: 1213, Time: 00:00:54

Health: -7/40      AC:  3    Str: 17    XL:     3   Next: 10%
Magic:  3/3        EV: 10    Int: 11    God:
Gold:   103        SH:  0    Dex: 11    Spells: 2/2 levels left

rFire   . . .      SeeInvis .   a - +0 mace
rCold   . . .      Faith    .   (no shield)
rNeg    . . .      Spirit   .   b - +0 robe
rPois   .          Reflect  .   (helmet restricted)
rElec   .          Harm     .   (no cloak)
rCorr   .          Rampage  .   (gloves unavailable)
Will    .....                   (boots unavailable)
Stlth   ++........              (no amulet)
HPRegen 0.13/turn               (no ring)
MPRegen 0.08/turn               (no ring)

@: no status effects
A: large, unfitting armour, tough skin 1
a: no special abilities


You were on level 2 of the Dungeon.
You visited 1 branch of the dungeon, and saw 2 of its levels.

You collected 103 gold pieces.

Inventory:

Hand Weapons
 a - a +0 mace (weapon)
Armour
 b - a +0 robe (worn)
Scrolls
 d - a scroll of fear {unknown}
 e - a scroll of acquirement {unknown}
 f - a scroll of enchant armour {unknown}
 g - a scroll of immolation {unknown}
 i - a scroll of teleportation {unknown}
 j - a scroll of silence {unknown}
Potions
 c - 3 potions of curing {unknown}
 h - a potion of heal wounds {unknown}


   Skills:
 + Level 4.4 Fighting
 * Level 3.0 Maces & Flails
 - Level 3.0 Dodging
 + Level 1.8 Stealth


You had 2 spell levels left.
You didn't know any spells.
Your spell library was empty.

Dungeon Overview and Level Annotations

Branches:
Dungeon (2/15)

Altars:


Innate Abilities, Weirdness & Mutations

You are too large for most types of armour.
You have tough skin. (AC +1)


Message History

The quokka barely misses you.
You see here 12 gold pieces.
The quokka bites you.
The quokka bites you but does no damage.
You hit the quokka.
The quokka is moderately wounded.
The quokka bites you but does no damage.
You barely miss the quokka.
The quokka is moderately wounded.
The quokka bites you.
* * * LOW HITPOINT WARNING * * *
The quokka bites you.
* * * LOW HITPOINT WARNING * * *
You hit the quokka but do no damage. Your punch misses the quokka.
The quokka is moderately wounded.
The quokka barely misses you.
You hit the quokka.
The quokka is heavily wounded.
The quokka misses you. The quokka bites you.
* * * LOW HITPOINT WARNING * * *
You completely miss the quokka.
The quokka is heavily wounded.
The quokka bites you but does no damage.
You barely miss the quokka.
The quokka is heavily wounded.
The quokka closely misses you. The quokka bites you.
* * * LOW HITPOINT WARNING * * *
You hit the quokka but do no damage.
The quokka is heavily wounded.
The quokka closely misses you.
You completely miss the quokka.
The quokka is heavily wounded.
The quokka bites you.
* * * LOW HITPOINT WARNING * * *
The quokka bites you but does no damage.
You hit the quokka.
You kill the quokka!
You completely miss the worm. You barely miss the worm. The worm bites you!
You die...

......................
.....................
.##......)...##.##..
#..........##.##..
#.............##..
#####
#....(.....#####..
#.... #..........# #..
...... #..........#
#.. ......
#@########## #..
......###w### ##.
.......$....# #.
............# #.
............# ######.
#####.......# #......
#.......# #......
#.......# #......
######### #......


You could see a worm.

Vanquished Creatures
  A dart slug (D:1)
  3 ball pythons (D:1)
  2 endoplasms (D:1)
  A giant cockroach (D:1)
  A goblin (D:1)
  A hobgoblin (D:1)
  4 jackals (D:1)
  A kobold (D:1)
  2 quokkas
  2 bats
  A frilled lizard (D:1)
  2 rats (D:1)
21 creatures vanquished.

Notes
Turn   | Place    | Note
-------+----------+-------------------------------------------
     0 | D:1      | crazypyro the Ogre Monk began the quest for the Orb.
     0 | D:1      | Reached XP level 1. HP: 24/24 MP: 1/1
   145 | D:1      | HP: 1/24 [jackal (3)]
   147 | D:1      | Reached XP level 2. HP: 2/32 MP: 2/2
   928 | D:1      | Reached XP level 3. HP: 37/40 MP: 3/3
  1210 | D:2      | HP: 1/40 [quokka (3)]
  1213 | D:2      | Mangled by a worm

Illustrated notes

Levels and vault maps discovered:
D:1:      dpeg_arrival_tiny_b, layout_rooms
D:2:      layout_basic

Skill      XL: |  1  2 |
---------------+-------+-----
Dodging        | 3 |  3.0
Maces & Flails | 3 |  3.0
Fighting       | |  4.4
Stealth        | |  1.8

Action                   || total
-------------------------++-------
Melee: Mace              ||    96
 Stab: Sleeping          ||     1
Armor: Robe              ||    37
Dodge: Dodged            ||    82
